 Dungeon Crawl Stone Soup version 0.30-a0-711-gf4ac18a38d (webtiles) character file.

Game seed: 3577630749217313711

70 Darius099 the Covered (level 4, 0/29 HPs)
             Began as a Gargoyle Fighter on Jan 23, 2023.
             Slain by a gnoll
             ... wielding a +0 spear
              (1 damage)
             ... on level 2 of the Dungeon.
             The game lasted 00:00:57 (873 turns).

Darius099 the Covered (Gargoyle Fighter)             Turns: 873, Time: 00:00:58

Health: 0/29       AC: 10    Str: 20    XL:     4   Next: 21%
Magic:  0/4        EV:  9    Int:  8    God:
Gold:   85         SH:  4    Dex: 11    Spells: 3/3 levels left

rFire   . . .      SeeInvis .    a - +0 flail
rCold   . . .      Faith    .    c - +0 buckler
rNeg    + . .      Spirit   +    b - +0 scale mail
rPois   ∞          Reflect  .    (no helmet)
rElec   +          Harm     .    (no cloak)
rCorr   .          Rampage  .    (no gloves)
Will    .....                    (no boots) Stlth
                                 g - amulet of guardian spirit
HPRegen 0.24/turn                (no ring)
MPRegen 0.09/turn                (no ring)

@: mighty
A: sickness immunity, AC +3, negative energy resistance 1, electricity
resistance, torment resistance 1, petrification resistance
a: no special abilities


You were on level 2 of the Dungeon.
You visited 1 branch of the dungeon, and saw 2 of its levels.

You collected 85 gold pieces.

Inventory:

Hand Weapons
 a - a +0 flail (weapon)
Armour
 b - a +0 scale mail (worn)
 c - a +0 buckler (worn)
Jewellery
 g - an amulet of guardian spirit (around neck)
 i - a ring of resist corrosion
Scrolls
 j - 3 scrolls of amnesia {unknown}
Potions
 e - 2 potions of curing {unknown}
 f - a potion of berserk rage {unknown}
 h - a potion of haste {unknown}


   Skills:
 + Level 3.9 Fighting
 + Level 2.7 Maces & Flails
 + Level 4.0 Armour
 + Level 3.9 Shields


You had 3 spell levels left.
You didn't know any spells.
Your spell library was empty.

Dungeon Overview and Level Annotations

Branches:
Dungeon (2/15)

Altars:


Innate Abilities, Weirdness & Mutations

You are immune to sickness and miasma.
Your stone body is resilient. (AC +3)
You are immune to poison.
You resist negative energy. (rN+)
You are resistant to electric shocks. (rElec)
You are resistant to unholy torment.
You are immune to petrification.


Message History

Sorry, you're not good enough to have a special ability.
You feel very mighty all of a sudden. You block the gnoll's attack.
The gnoll closely misses you.
You sock the gnoll!
You kill the gnoll!
The gnoll hits you from afar with a +0 spear.
* * * LOW HITPOINT WARNING * * *
The gnoll hits you but does no damage.
The gnoll hits you from afar with a +0 spear.
* * * LOW HITPOINT WARNING * * *
You have reached level 4!
You feel stronger.
You barely miss the gnoll.
The gnoll is moderately wounded.
The gnoll hits you but does no damage.
The gnoll hits you from afar with a +0 spear.
* * * LOW HITPOINT WARNING * * *
You barely miss the gnoll.
The gnoll is moderately wounded.
The gnoll barely misses you. You block the gnoll's attack.
You hit the gnoll.
The gnoll is heavily wounded.
You block the gnoll's attack. The gnoll barely misses you.
You closely miss the gnoll.
The gnoll is heavily wounded.
The gnoll hits you but does no damage. The gnoll barely misses you.
The gnoll hits you but does no damage. The gnoll barely misses you.
You hit the gnoll but do no damage.
The gnoll is heavily wounded.
The gnoll hits you from afar with a +0 spear.
* * * LOW HITPOINT WARNING * * *
You block the gnoll's attack.
You bludgeon the gnoll!!
You kill the gnoll!
The gnoll hits you but does no damage.
Your Armour skill increases to level 4!
The gnoll hits you with a +0 spear.
* * * LOW HITPOINT WARNING * * *
You barely miss the gnoll. The gnoll hits you with a +0 spear.
You die...

## .. .# .#
.###### .......
###########...#
#.....).@g.#
#<########.#
### #)#
.......gg...#
###.........#
#.........#
#.$....#.##
#.#..#+#.#
#.#.. #


You could see a gnoll.

Vanquished Creatures
  4 gnolls
  A worm (D:2)
  3 dart slugs (D:1)
  An endoplasm (D:1)
  4 goblins
  A hobgoblin (D:1)
  A quokka (D:1)
  4 ball pythons (D:1)
  2 bats (D:1)
  3 frilled lizards
  A kobold (D:1)
  3 rats (D:1)
28 creatures vanquished.

Notes
Turn   | Place    | Note
-------+----------+-------------------------------------------
     0 | D:1      | Darius099 the Gargoyle Fighter began the quest for the Orb.
     0 | D:1      | Reached XP level 1. HP: 14/14 MP: 1/1
   122 | D:1      | Reached XP level 2. HP: 15/19 MP: 2/2
   682 | D:1      | Reached XP level 3. HP: 23/23 MP: 3/3
   865 | D:2      | Reached XP level 4. HP: 4/29 MP: 1/4
   869 | D:2      | HP: 1/29 [gnoll/+0 spear (3)]
   871 | D:2      | Reached skill level 4 in Armour
   873 | D:2      | Slain by a gnoll

Illustrated notes

Levels and vault maps discovered:
D:1:      onia_arrival_mini_maze, layout_loops_cross
D:2:      layout_basic

Skill      XL: |  1  2  3  4 |
---------------+-------------+-----
Armour         | 4 |  4.0
Fighting       | |  3.9
Maces & Flails | |  2.7
Shields        | |  3.9

Action                     |  1- 3 |  4- 6 || total
---------------------------+-------+-------++-------
  Melee: Flail             |   102 |     7 ||   109
    Use: Potion            |     1 |       ||     1
 Armour: Scale mail        |    54 |     4 ||    58
  Dodge: Dodged            |    48 |     4 ||    52
  Block: Buckler           |    22 |     3 ||    25

Table legend: (Time is in decaauts)
 A = Elapsed time spent in this place.
 B = Non-inter-level travel time spent in this place.
 C = Inter-level travel time spent in this place.
 D = Time resting spent in this place.
 E = Time spent auto-exploring this place.
 F = Levels seen in this place.
 G = Mean time per level.
                   A        B        C        D        E       F      G
               +--------+--------+--------+--------+--------+-----+--------+
         Total |    907 |    907 |      0 |      0 |    654 |   2 |  453.5 |
       Dungeon |    907 |    907 |      0 |      0 |    654 |   2 |  453.5 |
               +--------+--------+--------+--------+--------+-----+--------+

Top non-repeatable levels by time:
     D:1: 843 daAuts
     D:2: 63 daAuts
